 Dungeon Crawl Stone Soup version 0.25.0-26-g0c896c7 (webtiles) character file.

Game seed: 1376987392886930692

4568 Cheivey the Blocker (level 10, -1/91 HPs)
             Began as a Deep Dwarf Fighter on July 3, 2020.
             Was a Follower of Makhleb.
             Slain by a cyclops (18 damage)
             ... on level 8 of the Dungeon.
             The game lasted 00:18:36 (7796 turns).

Cheivey the Blocker (Deep Dwarf Fighter)            Turns: 7796, Time: 00:18:37

Health: -1/91      AC:  8    Str: 29    XL:     10   Next: 18%
Magic:  18/18 (9)  EV: 11    Int:  9    God:    Makhleb [*.....]
Gold:   78         SH: 13    Dex: 12    Spells: 9/9 levels left

rFire    + . .     SeeInvis .   z - +2 spear (vamp)
rCold    + . .     Gourm    .   c - +1 kite shield
rNeg     . . .     Faith    .   D - +0 scale mail {rPois}
rPois    +         Spirit   .   (no helmet)
rElec    +         Reflect  .   (no cloak)
rCorr    +         Harm     .   (no gloves)
MR       +....     Rnd*Rage +   (no boots)
Stlth    ..........             (no amulet)
HPRegen  0.00/turn              o - +6 ring of strength
MPRegen  0.16/turn              p - ring of magical power

@: resistant, stab, non-regenerating
A: damage resistance, heal wounds, berserk 1, sense surroundings 2, no
regeneration
a: Heal Wounds, Renounce Religion


You were on level 8 of the Dungeon.
You worshipped Makhleb.
Makhleb was aware of your devotion.
You were not hungry.

You visited 2 branches of the dungeon, and saw 9 of its levels.
You also visited: Sewer.

You collected 532 gold pieces.
You spent 454 gold pieces at shops.

Inventory:

Hand Weapons
 r - a +2 whip of flaming
 t - the +6 hand axe "Obrifon" {vorpal, Str+3 Int+5 Dex+4}
   (You found it on level 7 of the Dungeon)

   It inflicts extra damage upon your enemies.
   It affects your strength (+3).
   It affects your intelligence (+5).
   It affects your dexterity (+4).
 z - a +2 vampiric spear (weapon)
Armour
 c - a +1 kite shield (worn)
 D - a +0 scale mail of poison resistance (worn)
Jewellery
 e - an uncursed ring of positive energy
 k - an uncursed ring of protection from magic
 o - a +6 ring of strength (left hand)
 p - a ring of magical power (right hand)
 q - an uncursed ring of wizardry {unknown}
 s - an uncursed ring of positive energy
 C - a cursed ring of teleportation {unknown}
 E - an uncursed ring of see invisible {unknown}
Wands
 d - a wand of flame (12)
 g - a wand of iceblast (6)
 n - a wand of digging (4)
 y - a wand of polymorph (21)
Scrolls
 a - 4 scrolls of immolation
 i - 5 scrolls of teleportation
 m - 3 scrolls of remove curse
 u - a scroll of holy word {unknown}
 w - 2 scrolls of fear
 x - 2 scrolls of amnesia
 A - a scroll of enchant weapon {unknown}
 B - a scroll of identify
Potions
 b - a potion of resistance
 h - a potion of brilliance
 j - a potion of magic
 l - a potion of berserk rage
Comestibles
 f - 23 rations
 v - 5 chunks of flesh


   Skills:
 + Level 5.8 Fighting
 + Level 2.3(6.0) Axes
 - Level 5.5(5.8) Maces & Flails
 + Level 4.8(5.1) Polearms
 + Level 8.4 Armour
 - Level 3.4 Dodging
 - Level 1.1 Stealth
 + Level 9.4 Shields


You had 9 spell levels left.
You didn't know any spells.
Your spell library contained the following spells:

 Spells                   Type           Power        Failure   Level  Hunger
 Magic Dart               Conj           #...         85%         1    ##.....
 Shock                    Conj/Air       #...         85%         1    ##.....
 Searing Ray              Conj           #.....       94%         2    ###....
 Swiftness                Chrm/Air       #.......     94%         2    ###....
 Dazzling Flash           Conj/Hex       #.....       99%         3    ####...
 Static Discharge         Conj/Air       #.......     99%         3    ####...
 Airstrike                Air            #.........   100%        4    #####..
 Fulminant Prism          Conj/Hex       #.........   100%        4    #####..
 Iskenderun's Mystic Bla  Conj/Tloc      #.......     100%        4    #####..
 Lightning Bolt           Conj/Air       #.........   100%        5    ######.


Dungeon Overview and Level Annotations

Branches:
Dungeon (8/15)             Temple (1/1) D:7           Sewer (visited)
   Lair: D:8-11

Altars:
Ashenzari
Cheibriados
Dithmenos
Elyvilon
Fedhas
Gozag
Hepliaklqana
Kikubaaqudgha
Makhleb
Nemelex Xobeh
Qazlal
Ru
Sif Muna
Trog
Vehumet
Wu Jian
Xom
Yredelemnul
Zin

Shops:
D:4 ((%%*   D:6 [


Innate Abilities, Weirdness & Mutations

You are resistant to damage.
You can heal yourself by infusing magical energy.
You passively map the area around you.
You do not regenerate.
You tend to lose your temper in combat.


Message History

You feel ready to backstab.
You feel protected.
You're too confused!
You start waiting.
You feel less invigorated.
You feel less confused.
You see here a large rock.
You puncture the cyclops!
The cyclops is lightly wounded.
The cyclops hits you!!
You hit the cyclops.
The cyclops is lightly wounded.
The cyclops hits you!
* * * LOW HITPOINT WARNING * * *
You hit the cyclops.
The cyclops is moderately wounded.
You hit the cyclops.
You feel better.
The cyclops is moderately wounded.
The cyclops hits you!!
You die...

........######.#.#.###
*
#######.##.....#.#.#.#
#.##.#.###.#.#.#
#.##.#.#...#.#.#
#.####.#####.#.#
#.##...))..#...#
#.##.#########.#
.##.....[.#...#### *
** #######@#.####.# ,
*#.).!..C#.#.##.# * *
*#########.#.##.#
#......)....##.# ,
#.############.# ,,,
*#.#...#.#...##.# ,,,
#.#.#.#..)#.##.# * ,
#.#.#.#####.##.# ,
#...#..........#


You could see a cyclops.

Vanquished Creatures
  A two-headed ogre (D:8)
  Pikel (D:4)
  A hungry ghost (D:7)
  A water moccasin (D:7)
  The ghost of Icepheonix32 the Gusty, an amateur TeAE (D:4)
  2 orc warriors (D:6)
  2 black bears
  A necrophage (D:8)
  3 centaurs
  4 ogres
  6 big kobolds (Sewer)
  5 bullfrogs
  A wight (D:8)
  A howler monkey (D:3)
  2 bullfrog zombies (D:6)
  2 crimson imps
  4 hounds
  3 jellies
  2 quasits
  2 orc priests (D:7)
  2 bullfrog skeletons
  An iron imp (D:7)
  8 orc wizards
  An iguana (D:8)
  Natasha (thrice) (D:2)
  3 worker ants (D:7)
  A hound zombie (D:5)
  6 gnolls
  9 adders
  A river rat (Sewer)
  2 shadow imps
  9 oozes
  2 adder skeletons
  An adder zombie (D:5)
  6 worms (Sewer)
  3 dart slugs
  2 leopard geckos
  12 orcs
  4 ball pythons
  5 giant cockroaches
  5 goblins
  6 hobgoblins
  13 jackals
  12 kobolds
  2 quokkas
  5 bats
  3 frilled lizards
  A giant cockroach zombie (D:5)
  A leopard gecko zombie (D:6)
  A quokka skeleton (D:8)
  11 rats
186 creatures vanquished.

Vanquished Creatures (others)
  An orc wizard (D:6)
  2 jackals (D:4)
  A frilled lizard (D:1)
4 creatures vanquished.

Grand Total: 190 creatures vanquished

Notes
Turn   | Place    | Note
-------+----------+-------------------------------------------
     0 | D:1      | Cheivey the Deep Dwarf Fighter began the quest for the Orb.
     0 | D:1      | Reached XP level 1. HP: 20/20 MP: 1/1
   101 | D:1      | Reached XP level 2. HP: 21/27 MP: 2/2
   306 | D:1      | Reached XP level 3. HP: 20/33 MP: 3/3
   632 | D:1      | Gained mutation: You tend to lose your temper in combat.
                  | [potion of mutation]
   632 | D:1      | Gained mutation: You passively map the area around you.
                  | [potion of mutation]
   700 | D:2      | Noticed Natasha
   711 | D:2      | Killed Natasha
   711 | D:2      | Reached skill level 4 in Shields
   804 | D:2      | Noticed Natasha
   809 | D:2      | Killed Natasha
   809 | D:2      | Reached skill level 1 in Dodging
   809 | D:2      | Reached XP level 4. HP: 32/42 MP: 4/4
  1153 | D:2      | Noticed Natasha
  1167 | D:2      | Killed Natasha
  1478 | D:3      | Found a glowing drain.
  1490 | Sewer    | Entered a sewer
  1510 | Sewer    | Noticed a big kobold
  1522 | Sewer    | Killed a big kobold
  1522 | Sewer    | Reached XP level 5. HP: 21/49 MP: 5/5
  1630 | Sewer    | Reached XP level 6. HP: 53/56 MP: 5/5
  1794 | Sewer    | Reached skill level 5 in Armour
  1866 | Sewer    | Reached skill level 5 in Shields
  1993 | Sewer    | Reached XP level 7. HP: 55/62 MP: 6/6
  2887 | D:3      | Found a sacrificial altar of Ru.
  3563 | D:4      | Found Utiarudi's Assorted Antiques.
  3566 | D:4      | Noticed Pikel
  3603 | D:4      | Killed Pikel
  3603 | D:4      | Reached skill level 5 in Maces & Flails
  3603 | D:4      | Reached skill level 1 in Stealth
  3603 | D:4      | Reached skill level 6 in Shields
  3603 | D:4      | Reached XP level 8. HP: 9/72 MP: 7/7
  4095 | D:4      | Bought a potion of heal wounds for 160 gold pieces
  4098 | D:4      | Found Irchoq's Food Boutique.
  4104 | D:4      | Found Damo's Weapon Emporium.
  4305 | D:4      | Found Ilud's Food Shoppe.
  4410 | D:4      | Found Wanaclo's Antique Weapon Boutique.
  4421 | D:4      | Found a large runed translucent door.
  4422 | D:4      | Found a large runed translucent door.
  4440 | D:4      | Noticed Icepheonix32's ghost (amateur TeAE)
  4540 | D:4      | Killed Icepheonix32's ghost
  4576 | D:5      | Entered Level 5 of the Dungeon
  4882 | D:5      | Reached skill level 1 in Polearms
  5168 | D:6      | Found Daponk's Armour Boutique.
  5283 | D:6      | Reached skill level 7 in Shields
  5362 | D:6      | Mutation became permanent: You passively map a small area
                  | around you. [Deep Dwarf growth]
  5362 | D:6      | Gained mutation: You passively map the area around you.
                  | [Deep Dwarf growth]
  5362 | D:6      | Reached XP level 9. HP: 57/79 MP: 8/8
  6056 | D:7      | Got a faintly glowing ring mail
  6059 | D:7      | Identified the +1 ring mail "Ocvepein" {+Blink rN+} (You
                  | found it on level 7 of the Dungeon)
  6072 | D:7      | Found a staircase to the Ecumenical Temple.
  6090 | D:7      | Reached skill level 8 in Shields
  6114 | D:7      | Reached skill level 5 in Fighting
  6155 | Temple   | Entered the Ecumenical Temple
  6325 | D:7      | Found a burning altar of Makhleb.
  6336 | D:7      | Became a worshipper of Makhleb the Destroyer
  6429 | D:7      | Got a polished hand axe
  6430 | D:7      | Identified the +6 hand axe "Obrifon" {vorpal, Str+3 Int+5
                  | Dex+4} (You found it on level 7 of the Dungeon)
  6611 | D:7      | Found a snail-covered altar of Cheibriados.
  6825 | D:7      | Found an opulent altar of Gozag.
  6834 | D:7      | Reached skill level 1 in Axes
  6925 | D:7      | Reached skill level 9 in Shields
  7009 | D:4      | Bought a +2 vampiric spear for 294 gold pieces
  7360 | D:8      | Noticed a two-headed ogre
  7376 | D:8      | Killed a two-headed ogre
  7376 | D:8      | Reached XP level 10. HP: 42/90 MP: 9/9
  7561 | D:8      | Reached * piety under Makhleb
  7783 | D:8      | Noticed a cyclops
  7796 | D:8      | Slain by a cyclops

Illustrated notes

Levels and vault maps discovered:
D:1:      lemuel_arrival_behind_the_door_small, layout_loops_ring
D:2:      layout_basic, uniq_natasha
D:3:      layout_basic, nicolae_ru_the_path_less_chosen,
          cheibrodos_sewer_entry_drain, first_ration, minivault_5
D:4:      layout_cave_pools, serial_shops, shop, nicolae_shop_crystal,
          shop_fountains, nicolae_shop_overgrown_old_shop, shop,
          ebering_ghost_disaster_area, st_stairs_6, uniq_pikel
D:5:      layout_basic
D:6:      layout_loops_ring, serial_shops, nicolae_shop_statue_plus
D:7:      layout_loops_ring, lemuel_doored_altar, slow_altar_2, bloody_makhleb,
          minmay_temple_entry_statues_pillars, grunt_ogre_cave
D:8:      layout_loops_ring, wad_mini_maze
Temple:   regret_index_temple_waves

Skill      XL: |  1  2  3  4  5  6  7  8  9 |
---------------+----------------------------+-----
Shields        | 4 5 6 7 9 |  9.4
Armour         | 4 5 6 7 8 |  8.4
Fighting       | 3 4 5 |  5.8
Dodging        | 1 3 |  3.4
Maces & Flails | 3 4 5 |  5.5
Stealth        | 1 |  1.1
Polearms       | 2 4 |  4.8
Axes           | 2 |  2.3

Action                   |  1- 3 |  4- 6 |  7- 9 | 10-12 || total
-------------------------+-------+-------+-------+-------++-------
Melee: Flail             |   101 |   225 |   183 |       ||   509
       Whip              |       |       |   317 |       ||   317
       Spear             |       |       |    93 |    39 ||   132
       Hand axe          |       |       |    39 |       ||    39
 Abil: Heal Wounds       |       |     3 |     9 |       ||    12
  Use: Potion            |     4 |     2 |    11 |     6 ||    23
       Scroll            |     4 |     1 |     8 |       ||    13
  Eat: Chunk             |       |     5 |     7 |     1 ||    13
       Ration            |       |       |     4 |       ||     4
Armor: Scale mail        |    57 |    68 |   151 |     3 ||   279
       Ring mail         |       |       |   110 |     1 ||   111
Dodge: Dodged            |    29 |    41 |   281 |     4 ||   355
Block: Kite shield       |    68 |   115 |   416 |    12 ||   611
